Map: Honorgrounds LE

Players

NORTHAMERICA - Winner!

  • Race: Protoss Protoss
  • League: Grandmaster
  • Spawn Location: 7:00

IIIIIIIIIIll

  • Race: Zerg Zerg
  • League: Grandmaster
  • Spawn Location: 1:00

VOD

Have the link to the VOD?

Description

Time

  • Played on: March 21, 2017, 12:58 a.m.
  • Length: 15:20
Show
View Real Time Build Order
Export as new Build Order

NORTHAMERICA Protoss - Winner!

Build Orders: Nexus First, Oracle Opening 

Get SALT Encoding   

  12  0:01  Probe (Chrono Boost)  
  13  0:12  Probe (Chrono Boost)  
  14  0:18  Pylon  
  14  0:23  Probe (Chrono Boost)  
  15  0:37  Probe (Chrono Boost)  
  16  0:47  Probe (Chrono Boost)  
  17  1:00  Nexus  
  17  1:11  Gateway  
  17  1:13  Probe (Chrono Boost)  
  18  1:24  Probe (Chrono Boost)  
  19  1:30  Assimilator  
  19  1:33  Assimilator  
  19  1:34  Probe (Chrono Boost)  
  20  1:45  Probe (Chrono Boost)  
  21  1:55  Probe (Chrono Boost)  
  21  2:00  Cybernetics Core  
  22  2:06  Probe (Chrono Boost)  
  23  2:09  Pylon  
  23  2:13  Probe (Chrono Boost)  
  24  2:17  Probe (Chrono Boost)  
  25  2:23  Probe (Chrono Boost)  
  25  2:27  Probe (Chrono Boost)  
  25  2:28  Zealot  
  29  2:34  Probe (Chrono Boost)  
  30  2:38  Probe (Chrono Boost)  
  30  2:39  Stargate  
  30  2:41  Warp Gate  
  31  2:44  Probe (Chrono Boost)  
  31  2:48  Probe (Chrono Boost)  
  33  2:52  Pylon  
  33  2:55  Probe (Chrono Boost)  
  34  2:59  Probe (Chrono Boost)  
  34  3:02  Stalker  
  37  3:07  Probe (Chrono Boost)  
  37  3:10  Probe (Chrono Boost)  
  39  3:18  Oracle, Probe (Chrono Boost)  
  40  3:22  Probe (Chrono Boost)  
  44  3:28  Probe (Chrono Boost)  
  44  3:31  Pylon  
  46  3:34  Probe (Chrono Boost)  
  46  3:39  Probe (Chrono Boost)  
  47  3:43  Pylon  
  47  3:46  Probe (Chrono Boost)  
  47  3:48  Void Ray  
  52  4:01  Mothership Core (Chrono Boost), Probe (Chrono Boost)  
  55  4:12  Probe (Chrono Boost)  
  55  4:15  Nexus  
  56  4:17  Pylon  
  56  4:18  Pylon  
  56  4:19  Assimilator  
  56  4:21  Probe (Chrono Boost)  
  56  4:23  Assimilator, Probe (Chrono Boost)  
  58  4:33  Probe (Chrono Boost)  
  58  4:34  Probe (Chrono Boost)  
  58  4:36  Fleet Beacon  
  60  4:43  Probe (Chrono Boost)  
  60  4:44  Probe (Chrono Boost)  
  62  4:54  Probe (Chrono Boost)  
  62  4:55  Probe (Chrono Boost)  
  64  5:03  Stargate  
  64  5:04  Probe (Chrono Boost)  
  64  5:05  Probe (Chrono Boost)  
  64  5:06  Assimilator  
  66  5:08  Stargate  
  66  5:11  Assimilator  
  66  5:15  Probe (Chrono Boost)  
  66  5:16  Probe (Chrono Boost)  
  68  5:22  Pylon  
  68  5:24  Forge  
  68  5:25  Probe (Chrono Boost)  
  68  5:26  Probe (Chrono Boost)  
  70  5:29  Carrier  
  76  5:36  Probe (Chrono Boost)  
  76  5:37  Probe (Chrono Boost)  
  76  5:38  Probe (Chrono Boost)  
  76  5:41  Carrier  
  79  5:43  Pylon  
  79  5:47  Probe x2 (Chrono Boost)  
  82  5:50  Probe (Chrono Boost)  
  82  5:55  Carrier  
  88  5:57  Probe (Chrono Boost)  
  88  6:01  Pylon  
  88  6:02  Probe (Chrono Boost)  
  96  6:10  Probe (Chrono Boost), Photon Cannon  
  97  6:20  Photon Cannon  
  97  6:22  Graviton Catapult, Photon Cannon  
  97  6:23  Photon Cannon  
  97  6:28  Photon Cannon  
  97  6:29  Photon Cannon  
  97  6:32  Sentry, Photon Cannon  
  99  6:37  Photon Cannon  
  99  6:41  Photon Cannon  
  99  6:43  Photon Cannon  
  99  6:47  Photon Cannon  
  99  6:52  Carrier, Photon Cannon  
  99  6:53  Photon Cannon  
  99  6:57  Sentry  
  105  7:11  Pylon  
  105  7:13  Carrier  
  105  7:15  Photon Cannon  
  105  7:16  Photon Cannon x2  
  105  7:18  Pylon  
  105  7:19  Carrier  
  105  7:29  Sentry  
  119  7:55  Probe (Chrono Boost)  
  119  7:56  Photon Cannon  
  120  7:59  Photon Cannon  
  120  8:00  Pylon, Photon Cannon  
  120  8:02  Sentry  
  122  8:06  Carrier  
  128  8:20  Stargate  
  128  8:21  Protoss Air Weapons Level 1  
  128  8:22  Stargate  
  128  8:27  Pylon, Carrier  
  128  8:37  Carrier  
  128  8:40  Sentry  
  136  8:43  Probe (Chrono Boost)  
  137  8:49  Gateway  
  137  8:51  Pylon x2  
  137  8:54  Pylon  
  143  8:55  Pylon  
  143  8:56  Pylon  
  141  9:06  Mothership Core (Chrono Boost)  
  138  9:12  Pylon  
  138  9:17  Carrier  
  138  9:18  Zealot  
  138  9:21  Pylon  
  134  9:33  Carrier  
  138  9:46  Void Ray  
  141  9:52  Carrier  
  135  10:01  Zealot  
  139  10:13  Mothership Core (Chrono Boost)  
  136  10:50  Nexus  
  133  11:10  Pylon  
  133  11:11  Pylon  
  133  11:13  Pylon  
  133  11:20  Pylon  
  133  11:23  Pylon  
  133  11:28  Carrier  
  139  11:50  Carrier  
  136  12:16  Zealot  
Show
View Real Time Build Order
Export as new Build Order

IIIIIIIIIIll Zerg 

Build Orders: Hatch First 

Get SALT Encoding   

  12  0:01  Drone  
  13  0:09  Drone  
  14  0:17  Overlord  
  14  0:36  Drone x3  
  17  0:53  Hatchery  
  17  0:56  Drone  
  17  1:00  Drone  
  17  1:03  Extractor  
  17  1:15  Spawning Pool  
  16  1:19  Drone  
  16  1:22  Drone  
  18  1:31  Drone  
  19  1:41  Drone  
  20  1:51  Hatchery  
  19  1:57  Drone  
  20  2:02  Zergling x2  
  20  2:06  Queen  
  23  2:12  Drone  
  23  2:14  Drone  
  25  2:18  Drone  
  26  2:23  Overlord  
  26  2:31  Pneumatized Carapace  
  26  2:40  Zergling x4  
  26  2:42  Queen  
  30  2:44  Zergling x2  
  30  2:46  Drone  
  30  2:50  Drone  
  33  2:56  Drone  
  34  2:58  Overlord  
  34  3:05  Drone  
  35  3:07  Queen  
  35  3:09  Drone  
  38  3:13  Drone  
  38  3:16  Drone x3  
  38  3:18  Drone  
  43  3:22  Overlord  
  43  3:24  Drone  
  44  3:27  Drone  
  45  3:35  Drone x2  
  45  3:38  Overlord  
  47  3:41  Spore Crawler  
  47  3:44  Spore Crawler  
  47  3:45  Spore Crawler  
  47  3:47  Drone x2  
  46  3:53  Overlord  
  46  3:55  Drone  
  47  3:56  Drone  
  47  3:57  Drone  
  47  4:01  Drone x3  
  52  4:06  Lair  
  52  4:08  Drone  
  53  4:11  Drone x2  
  53  4:12  Drone  
  53  4:16  Metabolic Boost  
  56  4:17  Extractor  
  56  4:18  Drone  
  56  4:21  Drone x2  
  56  4:22  Drone  
  59  4:25  Drone  
  59  4:28  Drone x2, Overlord  
  62  4:31  Extractor  
  62  4:33  Drone x3  
  62  4:35  Drone  
  62  4:37  Overlord  
  65  4:40  Drone x2  
  65  4:42  Drone  
  65  4:43  Extractor x2  
  66  4:47  Overlord  
  66  4:50  Overlord  
  66  4:52  Drone  
  67  5:00  Overlord  
  67  5:04  Hydralisk Den  
  66  5:11  Drone x2  
  66  5:12  Overlord  
  68  5:14  Drone  
  68  5:15  Drone x2  
  68  5:16  Drone x3  
  68  5:18  Overlord x2  
  74  5:23  Hatchery  
  73  5:29  Overlord x2  
  73  5:36  Hydralisk x4  
  73  5:37  Hydralisk x2  
  73  5:42  Muscular Augments  
  85  5:44  Hydralisk  
  87  5:51  Hydralisk, Overlord  
  87  5:52  Hydralisk  
  87  5:54  Zergling x6  
  87  5:56  Hydralisk  
  96  5:57  Zergling x4  
  96  6:01  Hydralisk  
  96  6:03  Zergling x4  
  102  6:04  Overlord  
  102  6:07  Hydralisk x2  
  102  6:09  Zergling x2  
  102  6:11  Hydralisk  
  107  6:12  Zergling x2  
  110  6:19  Hydralisk x2  
  110  6:20  Overlord  
  110  6:22  Hydralisk  
  110  6:23  Zergling x2  
  117  6:27  Hydralisk  
  117  6:30  Queen  
  117  6:31  Hydralisk  
  117  6:32  Zergling x2  
  124  6:34  Overseer  
  124  6:36  Zergling x4  
  124  6:37  Hydralisk  
  124  6:38  Zergling x4  
  130  6:41  Hydralisk  
  130  6:42  Zergling x2  
  130  6:45  Hydralisk  
  130  6:46  Zergling x4  
  137  6:48  Hydralisk  
  137  6:53  Hydralisk  
  142  6:54  Zergling x2  
  142  7:00  Hydralisk x2  
  134  7:12  Hydralisk x3  
  134  7:13  Zergling x8  
  134  7:14  Zergling x12  
  134  7:15  Hydralisk  
  152  7:21  Hydralisk  
  152  7:22  Zergling x2, Hydralisk  
  148  7:23  Zergling x2  
  148  7:25  Hydralisk  
  148  7:26  Zergling x4  
  149  7:36  Hydralisk x3  
  153  7:37  Zergling x2  
  150  7:45  Hydralisk x2  
  150  7:46  Zergling x2  
  153  7:52  Hydralisk  
  153  7:54  Hydralisk  
  157  7:58  Hydralisk x2  
  157  8:00  Zergling x14  
  157  8:05  Hydralisk x2  
  165  8:06  Zergling x2  
  165  8:09  Hydralisk  
  148  8:14  Hydralisk  
  148  8:15  Zergling x4  
  148  8:17  Hydralisk  
  152  8:21  Hydralisk  
  152  8:23  Zergling x4  
  151  8:31  Hydralisk  
  151  8:32  Hydralisk x2  
  157  8:38  Hydralisk x2  
  157  8:39  Zergling x4  
  157  8:40  Zergling x8  
  167  8:49  Overlord  
  167  8:51  Hydralisk x2  
  167  8:52  Hydralisk  
  167  8:53  Zergling x4  
  167  8:54  Zergling x6  
  165  8:59  Hydralisk x2  
  165  9:02  Hydralisk  
  165  9:05  Hydralisk  
  165  9:08  Zergling x6, Hydralisk  
  163  9:10  Hydralisk  
  163  9:12  Zergling x2  
  163  9:14  Zergling x2  
  163  9:15  Zergling x8  
  157  9:18  Hydralisk x2  
  157  9:19  Zergling x2  
  157  9:22  Hydralisk  
  157  9:23  Zergling x4  
  156  9:25  Hydralisk  
  156  9:30  Hydralisk  
  156  9:31  Zergling x4  
  162  9:36  Hydralisk  
  162  9:37  Zergling x2, Hydralisk  
  162  9:38  Zergling x6  
  161  9:44  Hydralisk x2  
  161  9:45  Zergling x4  
  164  9:49  Hydralisk  
  164  9:50  Zergling x4  
  164  9:51  Zergling x2  
  160  9:53  Hydralisk  
  160  9:55  Hydralisk  
  160  9:56  Zergling x2  
  160  9:59  Hydralisk  
  156  10:04  Hydralisk  
  156  10:08  Hydralisk  
  156  10:09  Zergling x6  
  156  10:10  Hydralisk  
  162  10:16  Hydralisk  
  162  10:18  Hydralisk  
  162  10:20  Overlord  
  166  10:26  Hydralisk x2  
  166  10:27  Zergling x10  
  166  10:28  Zergling x2  
  176  10:37  Overlord x2  
  176  10:40  Overlord x2  
  176  10:41  Hydralisk x3  
  175  10:45  Hydralisk x2  
  175  10:48  Hydralisk  
  167  10:50  Zergling x6  
  167  10:52  Hydralisk  
  167  10:56  Hydralisk  
  142  10:59  Hydralisk  
  116  11:06  Hydralisk x2  
  116  11:08  Zergling x2  
  116  11:10  Hydralisk  
  116  11:14  Hydralisk  
  116  11:15  Zergling x2, Extractor  
  118  11:20  Drone  
  118  11:21  Hydralisk  
  118  11:22  Evolution Chamber  
  118  11:23  Hydralisk x2  
  124  11:30  Hydralisk  
  126  11:33  Hydralisk  
  126  11:35  Hydralisk  
  130  11:40  Hydralisk  
  130  11:41  Zergling x4, Hydralisk  
  138  11:50  Spore Crawler  
  138  11:51  Spore Crawler  
  138  11:52  Spore Crawler x2, Hydralisk  
  138  11:53  Hydralisk x2  
  138  11:54  Hydralisk  
  130  11:57  Hydralisk  
  133  12:04  Spore Crawler  
  133  12:05  Hydralisk x2  
  133  12:07  Spore Crawler  
  132  12:13  Hydralisk  
  132  12:14  Hydralisk  
  129  12:18  Hydralisk  
  125  12:23  Hydralisk x2  
  125  12:26  Hydralisk  
  131  12:31  Hydralisk  
  131  12:36  Hydralisk  
  132  12:52  Hydralisk x2  
  132  12:53  Hydralisk x2  
  132  12:54  Hydralisk  
  142  12:59  Hydralisk  
  141  13:08  Overlord x2  
  119  13:30  Zergling x2  
  119  13:31  Zergling x10  
  125  13:34  Hydralisk Den  
  125  13:48  Zergling x4  
  125  13:52  Zergling x2  
  127  13:59  Zergling x2  
  103  14:11  Zergling x4  
  72  14:35  Hydralisk x2  
  72  14:36  Hydralisk x2  
  80  14:45  Hydralisk  
Tags
 
Add a new tag
Caveats
  • Supply blocks, unpowered buildings, or Contaminate may cause inaccurate times.
  • Supply counts are checked every 10 seconds.